 Dungeon Crawl Stone Soup version 0.30.0-15-g856e2d3f33 (console) character file.

Game seed: 10270992226950970315

558 jejorda2 the Slasher (level 7, 0/56 HPs)
             Began as a Merfolk Berserker on May 18, 2023.
             Was a Follower of Trog.
             Succumbed to a water moccasin's poison
             ... on level 5 of the Dungeon.
             The game lasted 00:07:29 (3574 turns).

jejorda2 the Slasher (Merfolk Berserker)            Turns: 3574, Time: 00:07:30

Health: 0/56       AC: 13    Str: 18 (19) XL:     7   Next: 31%
Magic:  7/7        EV:  5    Int:  4 (6)  God:    Trog [*.....]
Gold:   213        SH:  6    Dex: 13 (14) Spells: 6/6 levels left

rFire   . . .        a - +0 falchion
rCold   . . .        s - +3 buckler of Fyureytt {rElec Stlth+}
rNeg    . . .        i - +0 plate armour
rPois   .            (no helmet)
rElec   +            (no cloak)
rCorr   .            (no gloves)
SInv    .            (no boots)
Will    +++..        (no amulet) Stlth
                     k - ring of willpower
HPRegen 1.29/turn    (no ring)
MPRegen 0.10/turn

%: clarity
@: lethally poisoned (0 -> -6), strong-willed (expiring), on berserk cooldown,
regenerating (expiring)
A: (nimble swimmer 2), mertail, iridescent scales 1, clarity
a: Renounce Religion, Berserk


You were on level 5 of the Dungeon.
You worshipped Trog.
Trog was aware of your devotion.
You visited 1 branch of the dungeon, and saw 5 of its levels.

You collected 213 gold pieces.

Inventory:

Hand Weapons
 a - a +0 falchion (weapon)
Missiles
 d - 50 stones (quivered)
 l - 12 poisoned darts
Armour
 g - a +0 cloak
 i - a +0 plate armour (worn)
 s - the +3 buckler of Fyureytt (worn) {rElec Stlth+}
   (You acquired it on level 5 of the Dungeon)

   rElec:     It insulates you from electricity.
   Stlth:     It makes you more stealthy.
Jewellery
 k - a ring of willpower (left hand)
Scrolls
 b - 2 scrolls of acquirement
 c - 3 scrolls of identify
 f - 2 scrolls of teleportation
 h - a scroll of magic mapping
 n - a scroll of brand weapon {unknown}
 o - a scroll of fog {unknown}
 q - a scroll of vulnerability {unknown}
Potions
 j - a potion of degeneration
 m - 2 potions of attraction {unknown}
 p - a potion of heal wounds {unknown}
 r - a potion of lignification {unknown}


   Skills:
 + Level 5.5 Fighting
 * Level 7.9 Long Blades
 + Level 2.2 Armour
 - Level 2.6 Dodging


You had 6 spell levels left.
You didn't know any spells.
Your spell library was empty.

Dungeon Overview and Level Annotations

Branches:
Dungeon (5/15)             Temple (0/1) D:5

Altars:

Annotations:
D:3 3 runed translucent doors, Darkkill's ghost, amateur MiHu


Innate Abilities, Weirdness & Mutations

((You are very nimble when in or above water. (Stealth+, EV+, Speed+++)))
Your lower body shifts to a powerful aquatic tail in water.
You are partially covered in iridescent scales. (AC +2)
You possess an exceptional clarity of mind.


Message History

Aim: a water moccasin (42% to hit)
You throw a stone. The stone hits the water moccasin.
The water moccasin is lightly wounded.
You block the water moccasin's attack.
You hit the water moccasin.
The water moccasin is lightly wounded.
The water moccasin barely misses you. The water moccasin bites you.
You are poisoned.
The water moccasin poisons you!
You closely miss the water moccasin.
The water moccasin is lightly wounded.
You feel very sick. The water moccasin bites you.
* * * LOW HITPOINT WARNING * * *
The water moccasin completely misses you.
You completely miss the water moccasin.
The water moccasin is lightly wounded.
You feel very sick. The water moccasin barely misses you.
The water moccasin bites you but does no damage.
You closely miss the water moccasin.
The water moccasin is lightly wounded.
You feel very sick. The water moccasin bites you.
* * * LOW HITPOINT WARNING * * *
You are lethally poisoned!
The water moccasin poisons you! You block the water moccasin's attack.
It was a potion of mutation.
You feel extremely strange.
Your thoughts seem clearer.
Iridescent scales grow over part of your body.
You feel the effects of Trog's Hand fading.
* * * LOW HITPOINT WARNING * * *
You feel extremely sick. You block the water moccasin's attack.
The water moccasin bites you.
* * * LOW HITPOINT WARNING * * *
It was a potion of degeneration.
There was something very wrong with that liquid.
You feel weakened.
You feel dopey.
You feel clumsy.
You feel yourself speed up.
You die...

.......#..#.†#.......##,******,,,
......##..#..#...>....#,,**,,,,,,
.......#........>.....<,,,,,,,,,,
.....................,,,,**,,_,*,
.)..<..............#.,,,***,,,***
#..............#...#.#,,,**,,,*
.......$.......#8>8..##,,,,,,**
####............###...#.*,**,#* *
*..^..........@S.....#*,,,..*
*#..............##.#...,,,..#*
**..#.#.......##......#*,,...#
,...###..)...###......##,...#*
....**.......*,..#.....#...##****
,,,,**,......,,..###..<.....#,,,,
,,,***,,.....,,####...........>,,
,,,,**,.......###.†.....#.....,*,
,,,,,*,....................#..***


You could see a water moccasin.

Vanquished Creatures
  A water moccasin (D:3)
  2 phantoms
  A bullfrog (D:4)
  A howler monkey (D:4)
  A hound (D:5)
  A sleepcap (D:5)
  An orc wizard (D:3)
  7 adders
  A worm (D:4)
  3 dart slugs
  3 orcs (D:3)
  5 bats
  6 endoplasms
  5 giant cockroaches
  2 goblins
  2 hobgoblins (D:2)
  2 quokkas (D:2)
  2 ball pythons
  6 frilled lizards
  6 kobolds
  4 rats
62 creatures vanquished.

Notes
Turn   | Place    | Note
-------+----------+-------------------------------------------
     0 | D:1      | jejorda2 the Merfolk Berserker began the quest for the Orb.
     0 | D:1      | Reached XP level 1. HP: 18/18 MP: 1/1
   131 | D:1      | Reached skill level 4 in Long Blades
   168 | D:1      | Reached XP level 2. HP: 21/24 MP: 2/2
   743 | D:2      | Reached XP level 3. HP: 17/30 MP: 3/3
  1041 | D:2      | Reached skill level 5 in Long Blades
  1718 | D:2      | Reached XP level 4. HP: 30/37 MP: 4/4
  1722 | D:2      | Reached ** piety under Trog
  2047 | D:3      | Noticed a water moccasin
  2057 | D:3      | Killed a water moccasin
  2058 | D:3      | Reached skill level 6 in Long Blades
  2058 | D:3      | Reached XP level 5. HP: 43/43 MP: 5/5
  2503 | D:3      | Found a runed translucent gate.
  2503 | D:3      | Found a runed translucent gate.
  2504 | D:3      | Found a runed translucent gate.
  2504 | D:3      | Noticed Darkkill's ghost (amateur MiHu)
  2505 | D:3      | Noticed a kobold brigand
  2996 | D:4      | Noticed a phantom
  3010 | D:4      | Killed a phantom
  3011 | D:4      | Reached skill level 5 in Fighting
  3011 | D:4      | Reached skill level 7 in Long Blades
  3011 | D:4      | Reached XP level 6. HP: 51/51 MP: 6/6
  3474 | D:5      | Entered Level 5 of the Dungeon
  3502 | D:5      | Reached XP level 7. HP: 54/56 MP: 7/7
  3515 | D:5      | Identified 3 scrolls of acquirement
  3515 | D:5      | Acquired the +3 buckler of Fyureytt {rElec Stlth+}
  3545 | D:5      | Found a staircase to the Ecumenical Temple.
  3566 | D:5      | Identified the +0 leather armour "Lyilopiz" {rC+}
  3573 | D:5      | Gained mutation: You possess an exceptional clarity of
                  | mind. [potion of mutation]
  3573 | D:5      | Gained mutation: You are partially covered in iridescent
                  | scales. (AC +2) [potion of mutation]
  3574 | D:5      | Succumbed to a water moccasin's poison

Illustrated notes

Levels and vault maps discovered:
D:1:      saegor_arrival_fortress, layout_rooms, chequers_serial_rivers_room_b
D:2:      layout_basic, serial_curves, eino_curves_01, eino_curves_03
D:3:      layout_basic, gammafunk_ghost_nasty_kobolds
D:4:      layout_cave_pools
D:5:      layout_cave_pools, overflow_temple_1_default, temple_statues,
          chequers_ossuary_entry_cave

Skill      XL: |  1  2  3  4  5  6 |
---------------+-------------------+-----
Long Blades    | 4 5 6 7 |  7.9
Fighting       | 4 5 |  5.5
Armour         | 2 |  2.2
Dodging        | |  2.6

Action                     |  1- 3 |  4- 6 |  7- 9 || total
---------------------------+-------+-------+-------++-------
  Melee: Falchion          |   126 |   111 |    30 ||   267
         Punch             |     2 |       |       ||     2
  Throw: Stone             |       |       |     1 ||     1
 Invoke: Berserk           |     1 |     4 |     1 ||     6
         Trog's Hand       |       |     1 |     1 ||     2
    Use: Scroll            |       |       |     4 ||     4
         Potion            |       |       |     2 ||     2
 Armour: Animal skin       |     5 |       |       ||     5
         Leather armour    |     7 |       |       ||     7
         Ring mail         |    31 |    12 |       ||    43
         Plate armour      |       |    57 |    15 ||    72
  Dodge: Dodged            |    74 |    36 |     6 ||   116
  Block: Buckler           |       |       |     6 ||     6
